 Dungeon Crawl Stone Soup version 0.19.1 (webtiles) character file.

56 Firecrotchwizard the Skirmisher (level 3, 34/34 HPs)
             Began as a Hill Orc Fighter on Nov 25, 2016.
             Quit the game on level 2 of the Dungeon.
             The game lasted 00:05:04 (1546 turns).

Firecrotchwizard the Skirmisher (Hill Orc Fighter)  Turns: 1546, Time: 00:05:04

Health: 34/34      AC:  5    Str: 19    XL:     3   Next: 97%
Magic:  3/3        EV:  7    Int:  8    God:
Gold:   106        SH:  9    Dex: 10    Spells: 0 memorised, 2 levels left

rFire  . . .     SeeInvis .     a - +0 war axe
rCold  . . .     Gourm    .     b - +0 scale mail
rNeg   . . .     Faith    .     c - +0 shield
rPois  .         Spirit   .     (no helmet)
rElec  .         Reflect  .     (no cloak)
rCorr  .         Harm     .     (no gloves)
MR     .....                    (no boots)
Stlth  ..........               (no amulet)
                                (no ring)
                                (no ring)

@: no status effects
A: deformed body, deterioration 1, shaggy fur 1
a: no special abilities


You were on level 2 of the Dungeon.
You were very hungry.

You visited 1 branch of the dungeon, and saw 2 of its levels.

You collected 106 gold pieces.

Inventory:

Hand Weapons
 a - a +0 war axe (weapon)
Missiles
 n - 3 tomahawks (quivered)
Armour
 b - a +0 scale mail (worn)
 c - a +0 shield (worn)
Wands
 j - a wand of digging (10/24)
Scrolls
 i - 3 scrolls of identify {unknown}
 l - a scroll of amnesia {unknown}
 o - a scroll of teleportation {unknown}
 p - a scroll of remove curse {unknown}
Potions
 d - a potion of might
 e - a potion of flight {unknown}
 m - a potion of berserk rage
Comestibles
 f - 2 bread rations
 g - a slice of pizza
 h - a meat ration


   Skills:
 * Level 4.7 Fighting
 * Level 3.3 Axes
 + Level 3.7 Armour
 + Level 3.5 Shields


You had 2 spell levels left.
You didn't know any spells.

Dungeon Overview and Level Annotations

Branches:
Dungeon (2/15)

Altars:


Innate Abilities, Weirdness & Mutations

Armour fits poorly on your strangely shaped body.
Your body sometimes deteriorates upon taking damage.
You are covered in fur. (AC +1)


Message History

The kobold shouts!
The kobold throws a stone.
The stone hits you but does no damage.
The kobold throws a stone.
You block the stone.
You see here a stone.
You block the kobold's attack.
You hit the kobold.
You kill the kobold!
No target in view!
Sorry, you're not good enough to have a special ability.
Quiver which item? (- for none, * to show all) (? for menu, Esc to quit)
Okay, then.
Unknown command.
Quiver which item? (- for none, * to show all) (? for menu, Esc to quit)
Okay, then.
Are you sure you want to abandon this character and quit the game? (Confirm with "yes".)
Okay, then.
Unknown command.
Unknown command.
Unknown command.
Are you sure you want to abandon this character and quit the game? (Confirm with "yes".)

#.. . #.#......#.#†#
#.#..#
#.#......#.#.###.#)..
#.#.##'#.#.#.....#(##
#.#.##.#.#.#######(##
#.#.##.#.#.#.....#...
#.#.##.#.#.#.###.####
#.#.##.#.....#....... ##
#.#..)...#...#.#.#### .#
#..(@..#.....#.#.#... .#
+......#.#.#.#.#.#.#. ##
#........#.#.#.#.#.#.
#.....##.#.#.#.#.#.#.
########.#.#...#.#...
########.#.#####.#...
.....................
############.##.#####.#.†.
................#.......#.


There were no monsters in sight!

Vanquished Creatures
  An adder (D:2)
  A worm (D:2)
  A dart slug (D:2)
  8 bats
  5 goblins
  6 hobgoblins
  3 jackals (D:1)
  10 kobolds
  2 frilled lizards
  3 rats
40 creatures vanquished.

Notes
Turn   | Place    | Note
-------+----------+-------------------------------------------
     0 | D:1      | Firecrotchwizard the Hill Orc Fighter began the quest for the Orb.
     0 | D:1      | Reached XP level 1. HP: 19/19 MP: 1/1
   340 | D:1      | Reached XP level 2. HP: 27/27 MP: 2/2
   382 | D:1      | Reached skill level 4 in Fighting
   524 | D:1      | Reached XP level 3. HP: 22/33 MP: 3/3
  1121 | D:2      | Gained mutation: Your body sometimes deteriorates upon taking damage. [potion of mutation]
  1121 | D:2      | Gained mutation: You are covered in fur. (AC +1) [potion of mutation]
  1121 | D:2      | Gained mutation: Armour fits poorly on your strangely shaped body. [potion of mutation]
  1546 | D:2      | Quit the game

Skill      XL: |  1  2 |
---------------+-------+-----
Axes           | 3 |  3.3
Fighting       | 4 |  4.7
Armour         | |  3.7
Shields        | |  3.5

Action                   || total
-------------------------++-------
Melee: War axe           ||   107
  Use: Potion            ||     4
  Eat: Chunk             ||     1
Armor: Scale mail        ||    48
Dodge: Dodged            ||    36
Block: Shield            ||    62
